 Dungeon Crawl Stone Soup version 0.31.0-11-ge490571c62 (webtiles) character file.

Game seed: 16559925175025729844

20 qw the Shooter (level 2, 0/16 HPs)
             Began as a Deep Elf Hunter on Feb 4, 2024.
             Slain by a kobold
             ... wielding a +0 whip
              (2 damage)
             ... on level 1 of the Dungeon.
             The game lasted 00:00:01 (343 turns).

qw the Shooter (Deep Elf Hunter)                     Turns: 343, Time: 00:00:01

Health: 0/16       AC:  3    Str:  8    XL:     2   Next: 58%
Magic:  4/4        EV: 12    Int: 13    God:
Gold:   75         SH:  0    Dex: 18    Spells: 1/1 levels left

rFire   . . .        a - +0 shortbow
rCold   . . .        (shield currently unavailable)
rNeg    . . .        c - +0 leather armour
rPois   .            (no helmet)
rElec   .            (no cloak)
rCorr   .            (no gloves)
SInv    .            (no boots)
Will    .....        (no amulet)
Stlth   ++           (no ring)
HPRegen 0.22/turn    (no ring)
MPRegen 0.09/turn

%: no passive effects
@: no status effects
A: no striking features
a: no special abilities


You were on level 1 of the Dungeon.
You visited 1 branch of the dungeon, and saw 1 of its levels.

You collected 75 gold pieces.


   Skills:
 - Level 1.5 Fighting
 + Level 6.3 Ranged Weapons
 - Level 2.4 Dodging
 - Level 1.2 Stealth


You had one spell level left.
You didn't know any spells.
Your spell library was empty.

Inventory:

Hand Weapons
 a - a +0 shortbow (weapon)
Armour
 c - a +0 leather armour (worn)
 i - a +1 helmet
Jewellery
 e - a ring of ice
Scrolls
 b - a scroll of butterflies
 f - a scroll of identify {unknown}
Potions
 d - a potion of curing {unknown}
 g - 2 potions of heal wounds {unknown}
 h - a potion of cancellation {unknown}

Dungeon Overview and Level Annotations

Branches:
Dungeon (1/15)

Altars:


Message History

The arrow hits the giant cockroach but does no damage.
The giant cockroach is moderately wounded.
The giant cockroach completely misses you.
The giant cockroach bites you but does no damage.
You shoot an arrow.
The arrow barely misses the giant cockroach.
A bat comes into view.
The giant cockroach closely misses you. The kobold hits you with a +0 whip.
The bat moves out of view.
You shoot an arrow. The arrow hits the giant cockroach.
You kill the giant cockroach!
The kobold misses you.
You shoot an arrow. The arrow barely misses the goblin.
The goblin barely misses you. The kobold closely misses you.
You shoot an arrow.
The arrow hits the goblin but does no damage.
The kobold hits you but does no damage. The goblin barely misses you.
The bat barely misses you.
You shoot an arrow. The arrow barely misses the goblin.
The bat hits you. The kobold hits you with a +0 whip.
The goblin barely misses you. The goblin closely misses you.
The kobold hits you with a +0 whip.
You shoot an arrow. The arrow hits the goblin.
The goblin is moderately wounded.
The bat hits you but does no damage. The goblin completely misses you.
The kobold closely misses you.
You shoot an arrow. The arrow barely misses the goblin.
The bat hits you but does no damage.
A frilled lizard comes into view.
The goblin barely misses you. The kobold hits you with a +0 whip.
You shoot an arrow. The arrow completely misses the goblin.
The frilled lizard hisses angrily.
The bat hits you but does no damage. The goblin hits you with a +0 club.
The kobold barely misses you.
You shoot an arrow. The arrow hits the goblin!
You kill the goblin!
The bat barely misses you. The kobold hits you with a +0 whip.
You shoot an arrow. The arrow closely misses the kobold.
The bat barely misses you. The kobold hits you with a +0 whip.
You die...

##..#........##.# #..#
....#.........#.# ##.#
##..#...........# #.#
....##..........# #.#
#...#...........# #.#
#............... ###.##
#.............b. #....#
##.).#.....l....### #....#
##..........?..K@.#####....#
...............)#..........#
................#######....#
..#.#.......?... #....#
....##>......... ######
##..##..........
#...##?........ #.#..#
........ ##.##.# #..#


You could see a bat, a kobold and a frilled lizard.

Vanquished Creatures
  2 endoplasms (D:1)
  A giant cockroach (D:1)
  3 goblins (D:1)
  4 hobgoblins (D:1)
  3 ball pythons (D:1)
  A frilled lizard (D:1)
  3 kobolds (D:1)
  A rat (D:1)
18 creatures vanquished.

Notes
Turn   | Place    | Note
-------+----------+-------------------------------------------
     0 | D:1      | qw the Deep Elf Hunter began the quest for the Orb.
     0 | D:1      | Reached XP level 1. HP: 12/12 MP: 3/3
     0 | D:1      | 0 ||| qw: Version: 0.3-a-160-g6735b56
     0 | D:1      | 0 ||| qw: Game counter: 4447
     0 | D:1      | 0 ||| qw: Melee chars always use a shield: true
     0 | D:1      | 0 ||| qw: God list: Okawaru
     0 | D:1      | 0 ||| qw: Allow faded altars: false
     0 | D:1      | 0 ||| qw: Do Orc after clearing Dungeon:15 true
     0 | D:1      | 0 ||| qw: Do second Lair branch before Depths: true
     0 | D:1      | 0 ||| qw: Lair rune preference: random
     0 | D:1      | 0 ||| qw: Goals: Normal
     0 | D:1      | 0 ||| PLANNING D:1-11
   153 | D:1      | Found a faded altar of an unknown god.
   222 | D:1      | Reached skill level 6 in Ranged Weapons
   222 | D:1      | Reached XP level 2. HP: 16/16 MP: 4/4
   341 | D:1      | HP: 3/16 [goblin/+0 club (4)]
   343 | D:1      | Slain by a kobold

Levels and vault maps discovered:
D:1:      ncdulo_smallfort, layout_rooms, dreamdust_ecumenical_altar_statues,
          minmay_misc_feat_tower

Skill      XL: |  1 |
---------------+----+-----
Ranged Weapons | 6 |  6.3
Fighting       | |  1.5
Dodging        | |  2.4
Stealth        | |  1.2

Action                     || total
---------------------------++-------
   Fire: Shortbow          ||    51
 Armour: Leather armour    ||    17
  Dodge: Dodged            ||    18

Table legend:
 A = Non-vault XP
 B = Vault XP
 C = Vault XP percentage of total XP
 D = Non-vault monster count
 E = Vault monster count
 F = Vault count percentage of total count
                 A         B        C        D         E       F
            +---------+---------+-------+---------+---------+-------
      Total |      29 |       0 |   0.0 |      18 |       0 |   0.0
            +---------+---------+-------+---------+---------+-------
        D:1 |      29 |       0 |   0.0 |      18 |       0 |   0.0
            +---------+---------+-------+---------+---------+-------
